 Dungeon Crawl Stone Soup version 0.32-a0-814-g0968bab981 (webtiles) character file.

Game seed: 14319899182687375622

5365 zenocrate the Martial Artist (level 10, -2/66 HPs)
             Began as an Octopode Earth Elementalist on Mar 22, 2024.
             Was an Initiate of Gozag.
             Slain by a yak (17 damage)
             ... on level 7 of the Dungeon.
             The game lasted 00:12:09 (8997 turns).

zenocrate the Martial Artist (OpEE)                 Turns: 8997, Time: 00:12:10

Health: -2/66      AC:  1    Str:  9    XL:     10   Next: 65%
Magic:  7/13       EV: 13    Int: 19    God:    Gozag
Gold:   419        SH:  5    Dex: 14    Spells: 4/13 levels left

rFire   . .          .
                       - Unarmed
rCold   . . .        (no shield)
rNeg    + . .        d - +0 hat
rPois   .            A - amulet of reflection
rElec   .            e - ring of positive energy
rCorr   .            g - ring of see invisible
SInv    +            (no ring)
Will    .....        (no ring)
Stlth   ++++         (no ring)
HPRegen 0.31/turn    (no ring)
MPRegen 0.13/turn    (no ring)
                     (no ring)

%: reflection
@: about to teleport
A: almost no armour, amphibious, 8 rings, camouflage 1, gelatinous body 1,
(nimble swimmer 1), tentacles
a: Renounce Religion, Potion Petition, Call Merchant, Bribe Branch


You were on level 7 of the Dungeon.
You worshipped Gozag.
Gozag was aware of your devotion.
You visited 2 branches of the dungeon, and saw 8 of its levels.

You collected 703 gold pieces.
You spent 199 gold pieces at shops.
You paid 85 gold pieces to Gozag.

Inventory:

Hand Weapons
 k - the +4 hand axe of Zekhlevva {protect, rC+ rN+ Dex+3}
   (You found it on level 2 of the Dungeon)

   Dex+3:     It affects your dexterity (+3).
   rC+:       It protects you from cold.
   rN+:       It protects you from negative energy.
Missiles
 C - 2 throwing nets
Armour
 d - a +0 hat (worn)
Jewellery
 e - a ring of positive energy (left tentacle)
 g - a ring of see invisible (right tentacle)
 u - an amulet of guardian spirit
 A - an amulet of reflection (around mantle)
Talismans
 q - a dragon-blood talisman
Wands
 i - a wand of mindburst (17)
 n - a wand of paralysis (14)
 s - a wand of polymorph (8)
 x - a wand of flame (49)
Scrolls
 b - a scroll of fear
 f - a scroll of poison {unknown}
 j - a scroll of immolation
 m - 2 scrolls of blinking
 o - 2 scrolls of amnesia
 p - a scroll of acquirement {unknown}
 r - a scroll of summoning {unknown}
 w - 2 scrolls of teleportation
 y - a scroll of noise {unknown}
 z - 2 scrolls of enchant weapon {unknown}
 B - a scroll of fog {unknown}
 E - a scroll of revelation {unknown}
Potions
 a - 2 potions of magic
 c - a potion of attraction
 h - a potion of resistance
 l - a potion of invisibility {unknown}
 t - a potion of brilliance
 v - a potion of haste
 D - a potion of cancellation {unknown}


   Skills:
 * Level 5.3 Fighting
 + Level 4.0 Dodging
 + Level 4.4 Stealth
 + Level 10.4 Unarmed Combat
 - Level 2.0 Spellcasting
 - Level 1.0 Conjurations
 - Level 3.0 Earth Magic
 + Level 3.9 Evocations
 + Level 7.5 Shapeshifting


You had 4 spell levels left.
You knew the following spells:

 Your Spells              Type           Power      Damage    Failure   Level
a - Stone Arrow           Conj/Erth      18%        3d8       22%         3
c - Bombard               Conj/Erth      4%         9d2       100%        6

Your spell library contained the following spells:

 Spells                   Type           Power      Damage    Failure   Level
 Sandblast                Erth           26%        2d8       4%          1
 Passwall                 Erth           13%        N/A       14%         3
 Volatile Blastmotes      Fire/Tloc      2%         2d10      45%         3
 Brom's Barrelling Bould  Conj/Erth      9%         2d3       58%         4
 Petrify                  Alch/Erth      7%         N/A       65%         4
 Borgnjor's Vile Clutch   Necr/Erth      3%         N/A       94%         5
 Alistair's Intoxication  Alch           0%         N/A       99%         5
 Eringya's Noxious Bog    Alch           0%         4d6       100%        6


Dungeon Overview and Level Annotations

Branches:
Dungeon (7/15)             Temple (1/1) D:5

Altars:
Ashenzari
Cheibriados
Dithmenos
Elyvilon
Fedhas
Gozag
Hepliaklqana
Kikubaaqudgha
Makhleb
Nemelex Xobeh
Okawaru
Qazlal
Ru
Trog
Uskayaw
Vehumet
Wu Jian
Xom
Yredelemnul
The Shining One

Shops:
D:1 :(*?!   D:3 *

Annotations:
D:1 digging for ring


Innate Abilities, Weirdness & Mutations

You cannot wear most types of armour.
You are amphibious.
You can wear up to eight rings at the same time.
Your skin changes colour to match your surroundings (Stealth+).
Your rubbery body absorbs attacks. (AC +1, EV +1)
((You are camouflaged when in or above water. (Stealth+)))
You have tentacles for arms and can constrict up to eight enemies at once.


Message History

The yak gores you.
A black bear comes into view.
The yak attacks as it pursues you! The yak gores you!
The yak attacks as it pursues you! The yak gores you.
The yak attacks as it pursues you! The yak gores you.
The yak attacks as it pursues you! The yak gores you!
The yak attacks as it pursues you! The yak misses you.
Things that are here:
a +2 war axe of draining; +0 steam dragon scales The yak attacks as it pursues you!
The yak gores you. The yak attacks as it pursues you! The yak misses you.
Casting: Stone Arrow (dangerous; 22% risk of failure)
Confirm with . or Enter, or press ? or * to list all spells.
Aiming: Stone Arrow (dangerous; 22% risk of failure)
Press: ? - help, Shift-Dir - straight line, f - yak
Aim: a yak (78% to hit)
The stone arrow hits the yak!
The yak is moderately wounded.
The yak gores you!
Unknown command.
You bludgeon the yak!
The yak is heavily wounded.
Unknown command.
You tentacle-slap the yak.
Your tentacle-slap misses the yak.
The yak is heavily wounded.
The yak barely misses you.
Unknown command.
Okay, then.
As you read the scroll of teleportation, it crumbles to dust.
You feel strangely unstable. The yak gores you.
You bludgeon the yak! Your squeeze misses the yak.
The yak is almost dead.
The yak gores you.
* * * LOW HITPOINT WARNING * * *
Unknown command.
You tentacle-slap the yak.
The yak is almost dead.
The yak gores you!
You die...
Your body crumbles into a pile of gold.

.# #..............#
.####...##########.# ######
.......[.......# #.# ######.....
...#.###.###.#.# #.# #......####
...#...#.#...#.# #.# #......#
##.###.#.#.###.# #.# #......#
#<...#.#.#.#...# #.# #......#
##._........)_.###.####......####
.....#.#.#.#....@YY..............
...###.#.#.###.###h..........##..
...#...#.#...#......##......###..
...#.###.###.#.....Y.#........#..
.......................########..
..#####..#....##..##).........#..
......##.#.)..##...#..##......#..
......................h#......#..
......##>.......##............#


You could see 2 yaks and a black bear.

Vanquished Creatures
  Pikel (D:6)
  Maurice (D:7)
  Maggie (D:7)
  An unseen horror zombie (D:7)
  Grinder (D:6)
  Sigmund (D:3)
  Eustachio (D:4)
  2 yaks (D:7)
  Edmund (D:4)
  A steam dragon (D:6)
  An acid dragon (D:5)
  3 water moccasins
  2 ice beasts
  2 black bears (D:7)
  An ogre (D:7)
  A sky beast (D:4)
  A hornet zombie (D:7)
  A centaur (D:7)
  A lemure (D:6)
  A phantom (D:7)
  4 bullfrogs
  A water moccasin zombie (D:7)
  A wyvern skeleton (D:7)
  2 burial acolytes (D:7)
  4 wights (D:7)
  A howler monkey (D:6)
  A bullfrog zombie (D:7)
  A centaur zombie (D:7)
  A human zombie (D:7)
  2 centaur skeletons (D:7)
  6 jellies
  3 hounds
  An orc priest (D:3)
  4 gnoll boudas
  2 sleepcaps (D:7)
  3 iguanas (D:7)
  3 orc wizards
  11 gnolls
  5 adders
  3 white imps (D:7)
  A ribbon worm (D:3)
  4 dart slugs
  23 orcs
  3 bats
  3 endoplasms
  3 giant cockroaches
  4 goblins
  10 hobgoblins
  2 jackals (D:1)
  4 kobolds
  3 quokkas
  3 ball pythons
  A frilled lizard (D:1)
  2 rats
  A butterfly (D:5)
151 creatures vanquished.

Notes
Turn   | Place    | Note
-------+----------+-------------------------------------------
     0 | D:1      | zenocrate the Octopode Earth Elementalist began the quest
                  | for the Orb.
     0 | D:1      | Reached XP level 1. HP: 11/11 MP: 3/3
   119 | D:1      | Found Fixeciumm's Book Shoppe.
   135 | D:1      | Found Gole's General Store.
   168 | D:1      | Reached skill level 1 in Unarmed Combat
   320 | D:1      | Reached XP level 2. HP: 14/17 MP: 1/5
   758 | D:1      | Found Iduuwe's Weapon Emporium.
   801 | D:1      | Reached skill level 1 in Fighting
   801 | D:1      | Reached skill level 2 in Unarmed Combat
   808 | D:1      | Found Kirheo's Distillery.
   860 | D:1      | Found Urphuodd's Magic Scroll Shop.
   989 | D:2      | Reached XP level 3. HP: 18/23 MP: 6/6
  1146 | D:2      | Identified the +2 helmet "Rynal" {Harm Fly rC+}
  1168 | D:2      | Found a faded altar of an unknown god.
  1184 | D:2      | Identified the +4 hand axe of Zekhlevva {protect, rC+ rN+
                  | Dex+3}
  1189 | D:2      | Prayed at the altar of an unknown god.
  1189 | D:2      | Became a worshipper of Ru the Awakened
  1265 | D:2      | Fell from the grace of Ru
  1456 | D:2      | Learned a level 3 spell: Stone Arrow
  1479 | D:1      | Bought a scroll of blinking for 82 gold pieces
  1520 | D:3      | Noticed Sigmund
  1531 | D:3      | Killed Sigmund
  1532 | D:3      | Reached skill level 3 in Unarmed Combat
  1532 | D:3      | Reached XP level 4. HP: 19/31 MP: 7/7
  1532 | D:3      | Reached XP level 5. HP: 23/36 MP: 8/8
  1762 | D:3      | Reached skill level 4 in Unarmed Combat
  1763 | D:3      | Reached XP level 6. HP: 42/42 MP: 6/9
  2000 | D:3      | You fall into a shaft and drop 3 floors!
  2206 | D:5      | Entered Level 5 of the Dungeon
  2776 | D:3      | Found Dunih Joi's Assorted Antiques.
  2805 | D:3      | Bought a scroll labelled ECZEBIKK TAWNY for 23 gold pieces
  2805 | D:3      | Bought a smoky cyan potion for 20 gold pieces
  3071 | D:4      | Reached skill level 1 in Shapeshifting
  3071 | D:4      | Reached XP level 7. HP: 46/46 MP: 10/10
  3103 | D:4      | Noticed Eustachio
  3130 | D:4      | Killed Eustachio
  3131 | D:4      | Reached skill level 5 in Unarmed Combat
  3317 | D:4      | Noticed Edmund
  3331 | D:4      | Killed Edmund
  3473 | D:3      | Bought a scroll labelled KEZXYC HISKAH for 23 gold pieces
  3603 | D:4      | Found an ornate altar of the Wu Jian Council.
  3954 | D:5      | Reached XP level 8. HP: 51/52 MP: 11/11
  4122 | D:3      | Bought a scroll labelled KIXKYMPETYCK for 23 gold pieces
  4235 | D:5      | Reached skill level 6 in Unarmed Combat
  4324 | D:5      | Found a staircase to the Ecumenical Temple.
  4341 | D:5      | Found a sacrificial altar of Ru.
  4347 | Temple   | Entered the Ecumenical Temple
  4984 | D:5      | Learned a level 6 spell: Bombard
  5286 | D:6      | Reached skill level 7 in Unarmed Combat
  5430 | D:6      | Noticed Grinder
  5438 | D:6      | Paralysed by Grinder for 5 turns
  5447 | D:6      | Killed Grinder
  5448 | D:6      | Reached skill level 5 in Shapeshifting
  5640 | D:6      | Noticed Pikel
  5649 | D:6      | Killed Pikel
  5650 | D:6      | Reached skill level 8 in Unarmed Combat
  5650 | D:6      | Reached XP level 9. HP: 39/57 MP: 12/12
  5901 | D:6      | Reached skill level 9 in Unarmed Combat
  6119 | Temple   | Became a worshipper of Gozag Ym Sagoz the Greedy
  6286 | D:1      | Bought a scroll of identify for 28 gold pieces
  6644 | D:7      | Noticed Maggie
  6717 | D:7      | Noticed Maurice
  6719 | D:7      | Maurice stole the +4 hand axe of Zekhlevva {protect, rC+
                  | rN+ Dex+3}
  6724 | D:7      | Killed Maurice
  7181 | D:7      | Reached XP level 10. HP: 63/63 MP: 13/13
  7184 | D:7      | Found an ancient bone altar of Kikubaaqudgha.
  7243 | D:7      | Reached skill level 10 in Unarmed Combat
  7435 | D:7      | Found a sparkling altar of Nemelex Xobeh.
  7455 | D:7      | Found a shadowy altar of Dithmenos.
  8693 | D:7      | Killed Maggie
  8694 | D:7      | Reached skill level 5 in Fighting
  8997 | D:7      | Slain by a yak

Illustrated notes

Levels and vault maps discovered:
D:1:      ebering_trefoil_twist, layout_basic, serial_shops,
          nicolae_shop_industrial_runoff, shop, shop, shop, nicolae_square_shop,
          hangedman_decor_opposing, item_on_display_a
D:2:      layout_basic, hellmonk_ecumenical_altar_blasted
D:3:      layout_basic, serial_shops, nicolae_lakefront_shop, uniq_sigmund
D:4:      layout_basic, pdpol_wu_jian_five_deadly_venoms, uniq_eustachio,
          uniq_edmund
D:5:      layout_loops_corners, nicolae_ru_sacrificial_ziggurat,
          minmay_temple_entry_butterflies, kennysheep_generic_room_15
D:6:      layout_basic, uniq_pikel, uniq_grinder
D:7:      minmay_s_stair_smasher, layout_basic,
          mainiacjoe_overflow_large_starburst,
          lemuel_mausoleum_altar_kikubaaqudgha, lemuel_blue_sif_altar,
          chequers_serial_rivers_room_b, hangedman_decor_points, uniq_maggie,
          uniq_maurice
Temple:   bh_familiar_temple

Skill      XL: |  1  2  3  4  5  6  7  8  9 10 |
---------------+-------------------------------+-----
Unarmed Combat | 1 2 3 4 5 8 9 10 | 10.4
Fighting       | 1 3 5 |  5.3
Dodging        | 3 4 |  4.0
Shapeshifting  | 1 3 5 6 7 |  7.5
Evocations     | 3 |  3.9
Stealth        | 4 |  4.4
Spellcasting   | |  2.0
Conjurations   | |  1.0
Earth Magic    | |  3.0

Action                     |  1- 3 |  4- 6 |  7- 9 | 10-12 || total
---------------------------+-------+-------+-------+-------++-------
  Melee: Unarmed           |    30 |    64 |   175 |   108 ||   377
         Tentacles         |     9 |    20 |    50 |    30 ||   109
         Constrict         |     9 |    24 |    34 |    21 ||    88
         Punch             |       |     3 |    12 |     9 ||    24
   Cast: Sandblast         |    16 |    13 |     4 |       ||    33
         Stone Arrow       |       |       |    10 |    13 ||    23
 Invoke: Renounce Religion |     1 |       |       |       ||     1
  Evoke: Wand              |       |       |    10 |     1 ||    11
    Use: Potion            |     1 |       |     5 |     1 ||     7
         Scroll            |       |       |     9 |     4 ||    13
   Stab: Sleeping          |     5 |     9 |     6 |     4 ||    24
         Distracted        |       |       |     2 |     1 ||     3
 Armour: Skin              |    14 |    26 |    72 |    56 ||   168
  Dodge: Dodged            |    14 |    25 |   104 |    34 ||   177
  Block: Other             |       |       |    22 |    22 ||    44

Table legend: (Time is in decaauts)
 A = Elapsed time spent in this place.
 B = Non-inter-level travel time spent in this place.
 C = Inter-level travel time spent in this place.
 D = Time resting spent in this place.
 E = Time spent auto-exploring this place.
 F = Levels seen in this place.
 G = Mean time per level.
                   A        B        C        D        E       F      G
               +--------+--------+--------+--------+--------+-----+--------+
         Total |   8954 |   8078 |    876 |    215 |   6585 |   8 | 1119.2 |
       Dungeon |   8873 |   8074 |    799 |    215 |   6585 |   7 | 1267.6 |
        Temple |     81 |      4 |     77 |      0 |      0 |   1 |   81.0 |
               +--------+--------+--------+--------+--------+-----+--------+

Top non-repeatable levels by time:
     D:7: 2039 daAuts
     D:5: 1541 daAuts
     D:6: 1445 daAuts
     D:3: 1162 daAuts
     D:4: 1067 daAuts
     D:1: 1028 daAuts
     D:2: 589 daAuts
  Temple: 81 daAuts
